 Dungeon Crawl Stone Soup version 0.30-a0-939-gc8157cb160 (webtiles) character file.

Game seed: 2216381671888930754

242592 GloriousHammer the Thrower (level 19, -11/95 (104) HPs)
             Began as a Vine Stalker Brigand on Mar 24, 2023.
             Was a Follower of Uskayaw.
             Killed from afar by a tengu reaver (22 damage)
             ... with a bolt of negative energy
             ... on level 1 of the Vaults on Mar 25, 2023.
             The game lasted 02:57:43 (46384 turns).

GloriousHammer the Thrower (Vine Stalker Brigand)  Turns: 46384, Time: 02:57:43

HP:   -11/95 (104)  AC: 20    Str: 14 (16) XL:     19   Next: 39%
MP:   0/29          EV: 11    Int:  9 (11) God:    Uskayaw [*.....]
Gold: 2637          SH:  7    Dex: 16 (22) Spells: 18/18 levels left

rFire   + . .      SeeInvis .    b - +2 short sword (speed)
rCold   + . .      Faith    +    M - +0 buckler
rNeg    . . .      Spirit   +    V - +8 chain mail {rF+}
rPois   .          Reflect  .    o - +2 helmet
rElec   .          Rampage  .    c - scarf {+Inv}
rCorr   .                        i - +0 pair of gloves "Gyuzirarr" {Regen+}
Will    +++..                    R - +2 pair of boots {Stlth+}
Stlth   ++                       O - amulet of faith
HPRegen 1.95/turn                C - ring of protection from cold
MPRegen 0.21/turn                W - ring of willpower

@: lethally poisoned (-11 -> -11), about to teleport, corroded, studying 2
skills, drained
A: fangs 3, regeneration 1, magic shield, antimagic bite, no potion heal 2,
screaming 1
}: 2/15 runes: barnacled, gossamer
a: Renounce Religion, Evoke Invisibility, Stomp


You were on level 1 of the Vaults.
You worshipped Uskayaw.
Uskayaw was pleased with you.
You visited 7 branches of the dungeon, and saw 32 of its levels.
You also visited: Sewer, Gauntlet and Volcano.

You collected 3285 gold pieces.
You spent 648 gold pieces at shops.

Inventory:

Hand Weapons
 b - a +2 short sword of speed (weapon)
Missiles
 a - 14 silver javelins
 d - 89 poisoned darts (quivered)
 g - 2 curare-tipped darts
 l - 10 atropa-tipped darts
 u - 12 javelins
 I - 3 boomerangs of dispersal
 K - 11 throwing nets
Armour
 c - a scarf of invisibility (worn)
 i - the +0 pair of gloves "Gyuzirarr" (worn) {Regen+}
   (You found it in a Gauntlet)

   Regen:     It increases your rate of health regeneration.
 o - a +2 helmet (worn)
 M - a +0 buckler (worn)
 R - a +2 pair of boots of stealth (worn)
 V - a +8 chain mail of fire resistance (worn)
Jewellery
 s - the ring of Jel Oqeo {Wiz rN+ rCorr Str+5 Dex-4}
   (You found it in a Gauntlet)

   [ring of wizardry]

   It improves your spell success rate.
   Str:       It affects your strength (+5).
   Dex:       It affects your dexterity (-4).
   rN:        It protects you from negative energy.
   rCorr:     It protects you from acid and corrosion.
 w - a ring of willpower
 C - a ring of protection from cold (left hand)
 L - the ring of Vyofuog {Ice Fly Dex+5}
   (You took it off a merfolk on level 4 of the Shoals)

   [ring of ice]

   It enhances your ice magic.
   Dex:       It affects your dexterity (+5).
   rF:        It makes you vulnerable to fire.
   rC:        It protects you from cold.
   Fly:       It grants you flight.
 N - a ring of positive energy
 O - an amulet of faith (around neck)
 P - a ring of poison resistance
 W - a ring of willpower (right hand)
Wands
 e - a wand of digging (7)
 k - a wand of roots (32)
 p - a wand of mindburst (5)
 x - a wand of polymorph (13)
 y - a wand of light (9)
 B - a wand of paralysis (18)
Scrolls
 f - a scroll of magic mapping
 h - 3 scrolls of enchant armour
 q - 11 scrolls of teleportation
 z - 6 scrolls of fear
 J - 5 scrolls of immolation
 Q - a scroll of silence
 U - 3 scrolls of fog
 Y - a scroll of torment
Potions
 j - 7 potions of attraction
 r - 6 potions of curing
 t - a potion of magic
 v - a potion of resistance
 A - 2 potions of lignification
 D - a potion of invisibility
 G - a potion of might
 H - 13 potions of ambrosia
 S - 3 potions of cancellation
 T - 4 potions of berserk rage
 Z - a potion of haste
Miscellaneous
 n - a condenser vane
 E - a phial of floods
 F - a box of beasts


   Skills:
 + Level 13.0 Fighting
 - Level 10.0 Short Blades
 + Level 13.7 Throwing
 + Level 11.0 Armour
 + Level 12.2 Dodging
 - Level 10.0 Stealth
 - Level 10.0 Shields
 - Level 12.0 Invocations
 + Level 11.0 Evocations


You had 18 spell levels left.
You didn't know any spells.
Your spell library contained the following spells:

 Spells                   Type           Power      Damage    Failure   Level
 Apportation              Tloc           0%         N/A       100%        1
 Freeze                   Ice            0%         1d3       100%        1
 Necrotise                Necr           0%         1d4       100%        1
 Cigotuvi's Dreadful Rot  Necr/Pois/Air  0%         N/A       100%        2
 Ensorcelled Hibernation  Hex/Ice        0%         N/A       100%        2
 Lesser Beckoning         Tloc           0%         N/A       100%        2
 Poisonous Vapours        Pois/Air       0%         N/A       100%        2
 Frozen Ramparts          Ice            0%         1d1       100%        3
 Gell's Gravitas          Tloc           0%         N/A       100%        3
 Hailstorm                Conj/Ice       0%         3d3       100%        3
 Mephitic Cloud           Conj/Pois/Air  0%         N/A       100%        3
 Spider Form              Tmut/Pois      0%         N/A       100%        3
 Stone Arrow              Conj/Erth      0%         3d7       100%        3
 Teleport Other           Tloc           0%         N/A       100%        3
 Vampiric Draining        Necr           0%         2d6       100%        3
 Anguish                  Hex/Necr       0%         N/A       100%        4
 Animate Armour           Summ/Erth      0%         N/A       100%        4
 Dispel Undead            Necr           0%         3d6       100%        4
 Ice Form                 Ice/Tmut       0%         N/A       100%        4
 Agony                    Necr           0%         N/A       100%        5
 Alistair's Intoxication  Tmut/Pois      0%         N/A       100%        5
 Freezing Cloud           Conj/Ice/Air   0%         6-21      100%        5
 Conjure Ball Lightning   Conj/Air       0%         3x3d6     100%        6
 Death Channel            Necr           0%         N/A       100%        6
 Simulacrum               Ice/Necr       0%         N/A       100%        6
 Enfeeble                 Hex            0%         N/A       100%        7
 Discord                  Hex            0%         N/A       100%        8
 Disjunction              Tloc           0%         N/A       100%        8
 Lehudib's Crystal Spear  Conj/Erth      0%         10d2      100%        8
 Polar Vortex             Ice            0%         N/A       100%        9


Dungeon Overview and Level Annotations

Branches:
Dungeon (15/15)            Temple (1/1) D:4            Lair (5/5) D:8
 Shoals (4/4) Lair:2       Spider (4/4) Lair:2        Slime (0/5) Lair:5
    Orc (2/2) D:9             Elf (0/3) Orc:2        Vaults (1/5) D:14
 Depths (0/4) D:15          Sewer (visited)         Volcano (visited)
Gauntlet (visited)

Altars:
Ashenzari
Cheibriados
Dithmenos
Elyvilon
Fedhas
Gozag
Hepliaklqana
Kikubaaqudgha
Makhleb
Nemelex Xobeh
Okawaru
Qazlal
Ru
Sif Muna
Trog
Uskayaw
Vehumet
Wu Jian
Xom
Yredelemnul
Zin
The Shining One
Jiyva

Shops:
Orc:1 !   Orc:2 [[([(*(!

Annotations:
D:5 1 runed translucent door, exclusion: downstairs, roninjake's ghost, novice DECj
Lair:2 exclusion: downstairs
Lair:4 exclusion: downstairs
Lair:5 exclusion: oklob plant


Innate Abilities, Weirdness & Mutations

You have razor-sharp teeth.
Your natural rate of healing is unusually fast.
When hurt, damage is shared between your health and your magic reserves.
Your bite disrupts and absorbs the magic of your enemies.
Potions cannot restore your health.
You occasionally shout uncontrollably at your foes.


Message History

You skewer the lindwurm like a kebab!!!!
You kill the lindwurm!
Uskayaw will force your foes to share their pain.
You see here a lindwurm corpse.
You open the door.
An elephant comes into view.
Found 36 gold pieces and an embroidered scarf.
There is an open door here.
The helpless elephant fails to defend itself.
You stick the elephant like a pincushion!!!!
You kill the elephant!
The elephant's shape twists and changes as it dies.
Uskayaw will force your foes to helplessly watch your dance.
You now have 2613 gold pieces (gained 12).
You now have 2637 gold pieces (gained 24).
You see here a scarf of resistance.
You open the door.
You yell at the tengu reaver!
A tengu reaver comes into view.
It is wielding a +2 battleaxe of draining.
The tengu reaver shouts!
You hear a deafening roar!
Found a lightning rod (4/4), a robe and 2 potions of might.
The tengu reaver casts a spell at you. The bolt of acid hits you!
The acid corrodes you!
There is an open door here.
You barely miss the tengu reaver. You bite the tengu reaver!
The tengu reaver's magic leaks into the air.
You drain its magic.
You feel invigorated.
The tengu reaver is lightly wounded.
The tengu reaver hits you with a +2 battleaxe of draining.
You feel drained.
The tengu reaver pecks you but does no damage.
You block the tengu reaver's attack.
You hit the tengu reaver.
The tengu reaver is lightly wounded.
You hit the tengu reaver but do no damage.
Your bite misses the tengu reaver.
The tengu reaver is lightly wounded.
The tengu reaver gestures at you while chanting.
The bolt of poison hits you!!
You are poisoned.
You hit the tengu reaver but do no damage.
Your bite misses the tengu reaver.
The tengu reaver is lightly wounded.
You feel sick.
You hit the tengu reaver but do no damage.
Your bite misses the tengu reaver.
The tengu reaver is lightly wounded.
You feel very sick.
You hit the tengu reaver but do no damage.
Your bite misses the tengu reaver.
The tengu reaver is lightly wounded.
You feel sick.
The tengu reaver's magic is no longer disrupted.
The tengu reaver hits you with a +2 battleaxe of draining!
You feel drained. The tengu reaver pecks you!
The tengu reaver claws you but does no damage.
You hit the tengu reaver.
The tengu reaver is lightly wounded.
You feel sick.
You barely miss the tengu reaver. Your bite misses the tengu reaver.
The tengu reaver is lightly wounded.
You feel sick.
You hit the tengu reaver but do no damage.
Your bite misses the tengu reaver.
The tengu reaver is lightly wounded.
You feel sick.
The tengu reaver gestures at you while chanting.
The bolt of acid misses you.
You hit the tengu reaver but do no damage.
Your bite misses the tengu reaver.
The tengu reaver is lightly wounded.
You feel sick.
You miss the tengu reaver.
The tengu reaver is lightly wounded.
You feel sick.
You hit the tengu reaver. You bite the tengu reaver.
The tengu reaver's magic leaks into the air.
You drain its magic.
You feel invigorated.
The tengu reaver is lightly wounded.
You feel sick.
The tengu reaver points at you and mumbles some strange words.
The bolt of acid hits you!!!
* * * LOW HITPOINT WARNING * * *
The acid corrodes you!
Blink to where?
Press: ? - help, Dir - move target
As you read the scroll of blinking, it crumbles to dust.
You feel very sick.
You close the door.
You feel sick.
You feel sick.
You feel sick.
Something unseen opens the door.
You feel sick.
As you read the scroll of fog, it crumbles to dust.
The scroll dissolves into smoke.
You feel sick.
You feel sick.
You can no longer pass through a line of other dancers.
As you read the scroll of teleportation, it crumbles to dust.
You feel strangely unstable.
You feel sick. The tengu reaver casts a spell at you.
The bolt of negative energy hits you!!
You feel drained.
You die...

#..........# #######
#+#####......#
#.....###.# #......#
#.....##†.# #......#
#.....'..[+ +......#
#..§§§###Q# #......#
#..§§Q#.[}+ #......#
#..§§§##.!# #......#
###..§§@###.# #......#
.....§§§#########......#
....§§§§..(............#
.......................#
.......................#
.......................#
##############'#########
##.))## ##))..)##


You could see a tengu reaver.

Vanquished Creatures
  Saint Roka (Orc:2)
  Rupert (D:15)
  Jorgrun (D:13)
  Mlioglotl (Shoals:3)
  A kraken (Shoals:2)
  Agnes (Spider:1)
  Kirke (Shoals:3)
  A frost giant (Shoals:4)
  Ilsuiw (Shoals:3)
  6 ghost moths
  A vault warden (Vaults:1)
  6 emperor scorpions
  2 ironbound preservers (Vaults:1)
  An orc warlord (Orc:2)
  An ironbound thunderhulk (Vaults:1)
  A broodmother (Spider:3)
  Nessos (D:15)
  The ghost of jejorda2 the Impaler, a journeyman MfBe of Trog (Lair:5)
  2 dire elephants
  A minotaur (Gauntlet)
  Josephine (D:14)
  5 merfolk javelineers
  A yaktaur captain (Vaults:1)
  10 merfolk impalers
  An ice dragon (Lair:2)
  2 entropy weavers
  A rakshasa (D:15)
  A catoblepas (Lair:4)
  Harold (D:10)
  6 hydras
  4 radroaches
  6 two-headed ogres
  2 merfolk avatars
  4 merfolk aquamancers (Shoals:4)
  2 satyrs (Shoals:4)
  3 centaur warriors
  13 death yaks
  6 boulder beetles
  A tengu warrior (D:15)
  An orc high priest (Orc:2)
  2 thrashing horrors (Gauntlet)
  Urug (Orc:1)
  A sea snake (shapeshifter) (D:15)
  5 pharaoh ants
  7 skysharks
  6 orb spiders
  A sun moth (Spider:3)
  12 sea snakes
  2 glowing orange brains (Gauntlet)
  A deep elf archer (Volcano)
  4 lindwurms
  A wizard (D:15)
  A lindwurm (shapeshifter) (D:15)
  A necromancer (D:14)
  4 orc knights
  A phantasmal warrior (D:14)
  4 steelbarb worms (Spider:3)
  35 harpies
  9 deep elf pyromancers
  3 cyclopes
  An oklob plant (Shoals:4)
  13 wolf spiders
  8 ugly things
  11 manticores
  15 fauns
  An elephant (shapeshifter) (Vaults:1)
  4 moths of wrath
  3 black mambas
  5 water nymphs
  12 elephants
  A gargoyle (D:11)
  9 demonic crawlers
  An ice statue (Lair:2)
  17 merfolk sirens
  2 unseen horrors
  3 rime drakes (Lair:4)
  4 cane toads
  2 kobold demonologists (D:9)
  6 torpor snails
  2 ice devils (Lair:2)
  10 komodo dragons
  5 yaktaurs (Vaults:1)
  3 efreet
  An anaconda simulacrum (Lair:2)
  A tengu conjurer (D:15)
  A freezing wraith (Lair:2)
  A queen bee (Spider:4)
  47 merfolk
  6 meliai (Spider:4)
  A meliai (shapeshifter) (D:14)
  7 trolls
  9 wind drakes
  Grinder (D:5)
  7 polar bears
  31 tarantellas
  5 blink frogs
  3 dream sheep
  16 snapping turtles
  7 water elementals
  17 jumping spiders
  38 slime creatures
  2 shadows
  3 vampires
  17 culicivoras
  A centaur simulacrum (D:15)
  4 wyverns
  6 wraiths
  Grum (D:8)
  A yak (shapeshifter) (D:14)
  64 yaks
  A steam dragon (D:8)
  2 hogs (Shoals:3)
  5 basilisks
  6 fire elementals (Volcano)
  26 redbacks
  11 vampire mosquitoes
  6 wargs
  3 acid dragons
  4 hell hounds (Volcano)
  15 water moccasins
  2 black bears (D:6)
  2 ice beasts (D:7)
  38 orc warriors
  A sky beast (D:7)
  4 ogres
  39 wolves
  A centaur (D:11)
  8 kobold brigands
  12 bullfrogs
  A gnoll sergeant (D:6)
  4 scorpions
  7 wights
  23 killer bees
  12 electric eels
  5 howler monkeys
  6 jellies
  2 small abominations (Gauntlet)
  5 hounds
  Crazy Yiuf (D:4)
  28 orc priests
  A sleepcap (D:6)
  Jessica (D:3)
  A gnoll bouda (D:7)
  4 iguanas
  48 orc wizards
  A spriggan simulacrum (Lair:2)
  5 hell rats (Lair:3)
  A troll simulacrum (Lair:2)
  8 adders
  6 gnolls
  A naga simulacrum (Lair:2)
  8 river rats
  An ufetubus (D:5)
  3 worms
  4 dart slugs
  142 orcs
  13 ball pythons
  12 bats
  14 endoplasms
  3 hobgoblins
  5 jackals
  52 kobolds
  8 quokkas
  6 frilled lizards
  9 goblins
  25 rats
  3 tentacles (Shoals:2)
1305 creatures vanquished.

Vanquished Creatures (collateral kills)
  A ghost moth (Spider:4)
  3 dire elephants (Vaults:1)
  An orb spider (Spider:4)
  3 yaktaurs (Vaults:1)
8 creatures vanquished.

Vanquished Creatures (others)
  2 harpies
  An electric eel (D:13)
  An orc wizard (D:5)
  24 demonic plants (Gauntlet)
  31 fungi
  103 plants
  13 tentacles (Shoals:2)
  9 toadstools (Lair:4)
  6 withered plants (Lair:5)
190 creatures vanquished.

Grand Total: 1503 creatures vanquished

Notes
Turn   | Place    | Note
-------+----------+-------------------------------------------
     0 | D:1      | GloriousHammer the Vine Stalker Brigand began the quest for
                  | the Orb.
     0 | D:1      | Reached XP level 1. HP: 11/11 MP: 2/2
    25 | D:1      | Reached skill level 5 in Stealth
    48 | D:1      | Reached XP level 2. HP: 12/15 MP: 3/3
   270 | D:1      | Reached XP level 3. HP: 15/18 MP: 4/4
   402 | D:1      | Found a faded altar of an unknown god.
   927 | D:2      | Gained mutation: Your natural rate of healing is unusually
                  | fast. [Vine Stalker growth]
   927 | D:2      | Reached XP level 4. HP: 23/23 MP: 5/5
  1580 | D:3      | Noticed Jessica
  1589 | D:3      | Killed Jessica
  1590 | D:3      | Reached skill level 1 in Armour
  1590 | D:3      | Reached XP level 5. HP: 26/26 MP: 6/6
  2587 | D:4      | Found a staircase to the Ecumenical Temple.
  2605 | Temple   | Entered the Ecumenical Temple
  2659 | Temple   | Became a worshipper of Uskayaw the Reveller
  2707 | D:4      | Reached XP level 6. HP: 30/30 MP: 7/7
  2743 | D:4      | Reached * piety under Uskayaw
  3033 | D:4      | Found a runed translucent door.
  3034 | D:4      | Noticed Crazy Yiuf
  3111 | D:4      | Reached ** piety under Uskayaw
  3113 | D:4      | Killed Crazy Yiuf
  3515 | D:5      | Entered Level 5 of the Dungeon
  3542 | D:5      | Reached *** piety under Uskayaw
  3560 | D:5      | Found a glowing drain.
  3562 | D:5      | Noticed Grinder
  3563 | D:5      | Paralysed by Grinder for 5 turns
  3609 | Sewer    | Entered a sewer
  3776 | Sewer    | Reached XP level 7. HP: 19/34 MP: 3/8
  3989 | Sewer    | Reached **** piety under Uskayaw
  4008 | Sewer    | Reached ***** piety under Uskayaw
  4757 | D:5      | Killed Grinder
  4758 | D:5      | Gained mutation: You have razor-sharp teeth. [Vine Stalker
                  | growth]
  4758 | D:5      | Reached XP level 8. HP: 23/38 MP: 4/9
  5065 | D:5      | Found a runed translucent door.
  5074 | D:5      | Noticed roninjake's ghost (novice DECj)
  5091 | D:5      | Reached skill level 5 in Short Blades
  5091 | D:5      | Reached skill level 5 in Throwing
  6120 | D:6      | Reached XP level 9. HP: 42/42 MP: 10/10
  6291 | D:6      | Reached skill level 1 in Invocations
  6333 | D:6      | Reached skill level 1 in Shields
  7446 | D:7      | Identified the +4 leather armour of Kusobeed {rC+}
  7480 | D:7      | Reached skill level 1 in Dodging
  7481 | D:7      | Identified the +4 mace "Giant's Doom" {heavy, rF+ rN+ Str-4
                  | Dex+4}
  8450 | D:8      | Noticed Grum
  8578 | D:8      | Reached XP level 10. HP: 39/46 MP: 13/13
  8625 | D:8      | Reached ****** piety under Uskayaw
  8885 | D:8      | Killed Grum
  9354 | D:8      | Reached skill level 5 in Invocations
  9382 | D:8      | Found a staircase to the Lair.
 10116 | D:9      | Reached skill level 5 in Shields
 10262 | D:9      | Noticed a two-headed ogre
 10318 | D:9      | Killed a two-headed ogre
 10319 | D:9      | Reached XP level 11. HP: 35/53 MP: 11/16
 10633 | D:9      | Found a staircase to the Orcish Mines.
 10661 | D:9      | Noticed a two-headed ogre
 10675 | D:9      | Killed a two-headed ogre
 10956 | D:9      | Found a broken altar of Ashenzari.
 11606 | D:10     | Entered Level 10 of the Dungeon
 12178 | Lair:1   | Entered Level 1 of the Lair of Beasts
 12279 | Lair:1   | Reached skill level 5 in Dodging
 12313 | Lair:1   | Reached skill level 5 in Fighting
 12360 | Lair:1   | Noticed a death yak
 12360 | Lair:1   | Noticed a death yak
 12360 | Lair:1   | Noticed a death yak
 12396 | Lair:1   | Killed a death yak
 12546 | Lair:1   | Found a dark tunnel.
 12553 | Volcano  | Entered a volcano
 12569 | Volcano  | Reached XP level 12. HP: 50/60 MP: 15/18
 13530 | Lair:1   | Noticed a death yak
 13641 | Lair:1   | Noticed a death yak
 13779 | Lair:1   | Killed a death yak
 13817 | Lair:1   | Killed a death yak
 13817 | Lair:1   | Killed a death yak
 13818 | Lair:1   | Reached skill level 10 in Short Blades
 13835 | Lair:1   | Killed a death yak
 14397 | Lair:2   | Noticed a four-headed hydra
 14408 | Lair:2   | Killed a four-headed hydra
 14502 | Lair:2   | Reached skill level 1 in Evocations
 14753 | Lair:2   | Noticed an ice dragon
 14781 | Lair:2   | Killed an ice dragon
 14782 | Lair:2   | Reached XP level 13. HP: 48/67 MP: 17/20
 15030 | Lair:2   | Reached skill level 5 in Armour
 15368 | Lair:2   | Found a hole to the Spider Nest.
 15756 | Lair:2   | Found a staircase to the Shoals.
 18044 | Lair:4   | Reached XP level 14. HP: 68/74 MP: 19/22
 18401 | Lair:4   | Noticed a dire elephant
 18423 | Lair:4   | Found a runed translucent door.
 18603 | Lair:4   | Killed a dire elephant
 18606 | Lair:4   | Reached skill level 10 in Invocations
 18988 | Lair:5   | Entered Level 5 of the Lair of Beasts
 19770 | Lair:5   | Reached skill level 5 in Evocations
 19844 | Lair:5   | Found a runed translucent door.
 19846 | Lair:5   | Noticed jejorda2's ghost (journeyman MfBe)
 20124 | Lair:5   | Found a viscous altar of Jiyva.
 20124 | Lair:5   | Found a staircase to the Slime Pits.
 20840 | Lair:5   | Killed jejorda2's ghost
 21207 | Lair:5   | Noticed a dire elephant
 21207 | Lair:5   | Noticed a dire elephant
 21207 | Lair:5   | Noticed a dire elephant
 21208 | Lair:5   | Noticed a dire elephant
 21480 | Orc:1    | Entered Level 1 of the Orcish Mines
 21607 | Orc:1    | Noticed Urug
 21760 | Orc:1    | Found Cuihosel's Distillery.
 21806 | Orc:1    | Killed Urug
 21942 | Orc:1    | Bought a potion of cancellation for 120 gold pieces
 21942 | Orc:1    | Bought a potion of berserk rage for 75 gold pieces
 21942 | Orc:1    | Bought a potion of degeneration for 15 gold pieces
 22049 | Orc:2    | Entered Level 2 of the Orcish Mines
 22659 | Orc:2    | Found Gask's Antique Armour Shoppe.
 22675 | Orc:2    | Bought a pair of runed gloves for 157 gold pieces
 22955 | Orc:2    | Reached XP level 15. HP: 78/79 MP: 24/24
 22997 | Orc:2    | Noticed Saint Roka
 23123 | Orc:2    | Found Loillegg's Armour Shoppe.
 23144 | Orc:2    | Found a staircase to the Elven Halls.
 23449 | Orc:2    | Found Modghu's Antique Weapon Shop.
 23494 | Orc:2    | Found Ovikool's Assorted Antiques.
 23502 | Orc:2    | Bought a scroll of identify for 76 gold pieces
 23503 | Orc:2    | Bought a scroll of identify for 76 gold pieces
 23674 | Orc:2    | Noticed an orc warlord
 23687 | Orc:2    | Killed an orc warlord
 23687 | Orc:2    | Found Moehor Fiat's Antique Weapon Shop.
 23688 | Orc:2    | Found Foplon's Antique Armour Boutique.
 23874 | Orc:2    | Found Kopsal's Distillery.
 23881 | Orc:2    | Found Atoejiu's Weapon Shop.
 23883 | Orc:2    | Bought a potion of lignification for 54 gold pieces
 23894 | Orc:2    | Bought 6 atropa-tipped darts for 75 gold pieces
 23976 | Orc:2    | Killed Saint Roka
 24204 | D:10     | Found a shadowy altar of Dithmenos.
 24295 | D:10     | Noticed Harold
 24338 | D:10     | Killed Harold
 24593 | D:10     | Found an ancient bone altar of Kikubaaqudgha.
 24963 | D:11     | Found a gate leading to a gauntlet.
 24979 | Gauntlet | Entered a Gauntlet
 24979 | Gauntlet | Found a transporter.
 24979 | Gauntlet | Found a transporter.
 24979 | Gauntlet | Found a transporter.
 24979 | Gauntlet | Found a transporter.
 24983 | Gauntlet | Found a transporter.
 24993 | Gauntlet | Found a transporter.
 25060 | Gauntlet | Found a transporter.
 25076 | Gauntlet | Found a transporter.
 25085 | Gauntlet | Found a transporter.
 25095 | Gauntlet | Found a transporter.
 25110 | Gauntlet | Found a transporter.
 25113 | Gauntlet | Found a transporter.
 25328 | Gauntlet | Identified the +0 pair of gloves "Gyuzirarr" {Regen+}
 25484 | Gauntlet | Identified the ring of Jel Oqeo {Wiz rN+ rCorr Str+5 Dex-4}
 26535 | D:12     | Found Idypunga's Distillery.
 26693 | D:12     | Identified the +0 leather armour "Leowki Camua" {Fly rPois}
 28416 | D:13     | Noticed Jorgrun
 28445 | D:13     | Killed Jorgrun
 29349 | D:14     | Found a gate to the Vaults.
 29487 | D:14     | Reached skill level 10 in Fighting
 29814 | D:14     | Noticed Josephine
 29842 | D:14     | Killed Josephine
 29843 | D:14     | Reached XP level 16. HP: 83/85 MP: 25/25
 30371 | D:15     | Entered Level 15 of the Dungeon
 30460 | D:15     | Noticed Rupert
 30468 | D:15     | Killed Rupert
 30472 | D:15     | Noticed Nessos
 30486 | D:15     | Killed Nessos
 30925 | D:15     | Identified the orb of Ecujoacs {*channel, rC++}
 30944 | D:15     | Found a sacrificial altar of Ru.
 31000 | D:15     | Found a staircase to the Depths.
 31534 | Spider:1 | Entered Level 1 of the Spider Nest
 31575 | Shoals:1 | Entered Level 1 of the Shoals
 31825 | Shoals:1 | Reached skill level 10 in Throwing
 31825 | Shoals:1 | Reached skill level 10 in Dodging
 32749 | Shoals:1 | Reached skill level 10 in Shields
 33184 | Shoals:1 | Identified the +2 pair of boots of Life {+Inv rC- Dex+2}
 33466 | Shoals:1 | Reached XP level 17. HP: 67/91 MP: 27/27
 33640 | Shoals:2 | Noticed a kraken
 33698 | Shoals:2 | Killed a kraken
 35007 | Shoals:3 | Noticed Ilsuiw
 35024 | Shoals:3 | Killed Ilsuiw
 35358 | Shoals:3 | Noticed Mlioglotl
 35378 | Shoals:3 | Killed Mlioglotl
 35649 | Shoals:3 | Noticed Kirke
 35693 | Shoals:3 | Killed Kirke
 36234 | Shoals:4 | Entered Level 4 of the Shoals
 36685 | Shoals:4 | Found a hide-covered altar of Uskayaw.
 37408 | Shoals:4 | Identified the +1 rapier of Igryj {antimagic, Int+2}
 37476 | Shoals:4 | Reached XP level 18. HP: 73/80 MP: 28/28
 37830 | Shoals:4 | Reached skill level 10 in Armour
 37852 | Shoals:4 | Got a barnacled rune of Zot
 38047 | Shoals:4 | Identified the ring of Vyofuog {Ice Fly Dex+5}
 38926 | Spider:1 | Reached skill level 10 in Evocations
 39165 | Spider:1 | Noticed Agnes
 39182 | Spider:1 | Killed Agnes
 42338 | Spider:4 | Entered Level 4 of the Spider Nest
 42430 | Spider:4 | Upgraded the game from 0.30-a0-937-ga0a21ad780 to
                  | 0.30-a0-939-gc8157cb160
 42548 | Spider:3 | Gained mutation: You occasionally shout uncontrollably at
                  | your foes. [mutagenic glow]
 43876 | Spider:4 | Reached XP level 19. HP: 103/103 MP: 23/29
 45462 | Spider:4 | Identified the scarf of the Playwright {repulsion, rN++
                  | Stlth+}
 45474 | Spider:4 | Got a gossamer rune of Zot
 45494 | Spider:4 | Found the +3 pair of mountain boots {steadfast, rC+}
 46022 | Vaults:1 | Entered Level 1 of the Vaults
 46208 | Vaults:1 | Reached skill level 10 in Stealth
 46384 | Vaults:1 | Killed from afar by a tengu reaver

Illustrated notes

Levels and vault maps discovered:
D:1:      dpeg_arrival_fog, layout_loops_ring,
          hellmonk_ecumenical_altar_dog_temple
D:2:      layout_loops_ring, grunt_decor_arrowhead, minmay_three_crescents
D:3:      layout_loops_ring, minmay_ruptured, uniq_jessica
D:4:      layout_rooms, minmay_temple_entry_purple_smoke,
          uniq_crazy_yiuf_cottage
D:5:      layout_loops_ring, ebering_ghost_sewer_d,
          cheibrodos_sewer_entry_sluice, uniq_grinder
D:6:      layout_basic, serial_co_window_serial, co_window_paths_b,
          co_window_paths_a, co_window_corner_a, co_window_corner_a,
          co_window_paths_a, co_window_of_opportunity_a, co_window_corner_a,
          co_window_corner_b, co_window_of_opportunity_c, co_window_corner_b,
          co_window_2corner, co_window_broadway_b, co_window_2corner,
          co_window_2corner, co_window_paths_e, glass_columns_a, glass_columns_c
D:7:      layout_loops_ring
D:8:      layout_loops_ring, erik_lair_dragon, uniq_grum
D:9:      layout_loops_ring, mainiacjoe_overflow_concentric_impassable,
          hiddenorc1_lemuel, special_room [special_room_orc]
D:10:     minmay_angry_zag, layout_irregular_city, grunt_dithmenos_shadows,
          marbit_many_paths, uniq_harold
D:11:     layout_stronghold, gauntlet_entry_generic, minivault_21,
          chequers_mini_garden, nzn_life_drinkers
D:12:     layout_loops_corners, serial_shops, shop_coins
D:13:     layout_basic, uniq_jorgrun
D:14:     layout_basic, david_vaults_4, nicolae_elevator_lobby_asterisk,
          uniq_josephine
D:15:     hangedman_depths_entry_try_elsewhere_first, layout_cave_pools,
          nicolae_sextant, nicolae_ru_path_of_blood, uniq_nessos, uniq_rupert
Temple:   hellmonk_temple_of_storms
Lair:1:   layout_roguey, nicolae_volcano_entry_s_turn, serial_bayou_shore_a,
          serial_bayou_shore_b, grunt_megastairs_3, lemuel_fruit_fields
Lair:2:   dreamdust_isle_of_ice, layout_regular_city, elwin_shoals_entry_rooms,
          spider_nest_entry_rubble
Lair:3:   layout_long_grid, lemuel_fruit_tree, grunt_megastairs_5
Lair:4:   gammafunk_lair_enchanted_lake, layout_gridlike, serial_bayou,
          serial_bayou_ford_a, serial_bayou_pond_a, serial_bayou_lagoon_a,
          serial_bayou_pond_e, serial_bayou_lagoon_b
Lair:5:   due_jungle_book, layout_misc_corridors, minmay_slime_entry_pillars,
          hellmonk_ghost_happy_afterlife, minmay_lair_oklob_bushes,
          infiniplex_staircase_pool_2
Shoals:1: layout_shoals
Shoals:2: layout_shoals
Shoals:3: layout_shoals, nicolae_shoals_wave_tunnel, uniq_mlioglotl,
          uniq_ilsuiw, uniq_kirke
Shoals:4: shoals_end_grunt_ice, layout_shoals, lemuel_oklob_altar
Spider:1: nicolae_spider_hilbert_zone_5 [nicolae_spider_hilbert_3_sides_1_open,
          nicolae_spider_hilbert_4_sides_1_open,
          nicolae_spider_hilbert_4_sides_1_open,
          nicolae_spider_hilbert_6_sides_1_open,
          nicolae_spider_hilbert_6_sides_1_open],
          hangedman_spider_tarantella_strand, uniq_agnes
Spider:2: layout_spider_delve, nicolae_spider_webbed_stairs
Spider:3: layout_spider_delve, nicolae_spider_nooks_and_crannies
Spider:4: guppyfry_spider_rune, special_room [special_room_bee],
          spiders_nest_ghost_moth_duel
Orc:1:    layout_caves, basic_altar, serial_shops, shop, uniq_urug
Orc:2:    grunt_orc_community_town_hall, layout_caves,
          grunt_orc_community_big_house_1, grunt_orc_community_big_house_2,
          grunt_orc_community_house_3, grunt_orc_community_house_1,
          grunt_orc_community_house_3, grunt_orc_community_house_2,
          grunt_orc_community_house_1, serial_shops,
          nicolae_shop_advertising_works [nicolae_subvault_shop_adworks], shop,
          shop, nicolae_shop_waterfront, hellmonk_guarded_unrand_dark_maul,
          uniq_saint_roka
Vaults:1: v_misc_33, hangedman_vaults_stream, ontoclasm_vaults_ligature,
          ontoclasm_vaults_loading_screen, v_misc_14,
          vaults_room_hangedman_quadrants, grunt_vaults_trifunnel,
          ontoclasm_vaults_fault, v_misc_23, nicolae_vaults_circle_grid_b,
          vaults_room_pool, layout_vaults_big_room

Skill      XL: |  1  2  3  4  5  6  7  8  9 10 11 12 13 14 15 16 17 18 19 |
---------------+----------------------------------------------------------+-----
Short Blades   | 2 3 4 6 7 8 9 10 | 10.0
Stealth        | 5 6 7 9 10 | 10.0
Throwing       | 2 3 4 6 7 8 9 10 11 13 | 13.7
Armour         | 1 2 3 4 6 7 8 9 10 11 | 11.0
Invocations    | 3 5 7 8 9 10 11 12 | 12.0
Shields        | 3 5 6 8 10 | 10.0
Dodging        | 2 4 5 7 8 9 10 11 12 | 12.2
Fighting       | 3 5 7 8 9 10 11 12 13 | 13.0
Evocations     | 1 4 5 7 8 9 10 11 | 11.0

Action                     |  1- 3 |  4- 6 |  7- 9 | 10-12 | 13-15 | 16-18 | 19-21 || total
---------------------------+-------+-------+-------+-------+-------+-------+-------++-------
  Melee: Dagger            |    99 |   209 |   586 |  1013 |  2696 |  2219 |       ||  6822
         Bite              |    25 |    59 |   176 |   408 |  1368 |  1494 |   201 ||  3731
         Punch             |     3 |     2 |     4 |       |       |       |       ||     9
         Short sword       |       |       |     9 |       |       |   742 |   413 ||  1164
  Throw: Dart              |       |       |     3 |       |    68 |    77 |    23 ||   171
         Boomerang         |       |       |       |    27 |    84 |   119 |       ||   230
         Javelin           |       |       |       |       |    12 |    18 |       ||    30
 Invoke: Grand Finale      |       |       |       |       |     2 |     2 |       ||     4
         Stomp             |       |       |       |       |     1 |       |       ||     1
Ability: Evoke Invisibilit |       |       |       |       |       |     5 |       ||     5
  Evoke: Wand              |       |       |       |    12 |    24 |     9 |    11 ||    56
         Box of beasts     |       |       |       |       |       |     1 |       ||     1
         Condenser vane    |       |       |       |       |       |     1 |       ||     1
    Use: Scroll            |       |     1 |     7 |     7 |    23 |    11 |     6 ||    55
         Potion            |       |     1 |       |     1 |     2 |     6 |     1 ||    11
   Stab: Sleeping          |    11 |    16 |    15 |     9 |     7 |       |     1 ||    59
         Paralysed         |       |     1 |    15 |    52 |   135 |   159 |    31 ||   393
         Distracted        |       |     1 |     1 |     2 |       |       |       ||     4
         Invisible         |       |       |       |     2 |    10 |    37 |       ||    49
 Armour: Robe              |    12 |       |       |       |       |       |       ||    12
         Leather armour    |    11 |    68 |   138 |   164 |   113 |       |       ||   494
         Chain mail        |       |       |       |       |   468 |   959 |   155 ||  1582
  Dodge: Dodged            |    51 |    89 |   180 |   282 |   581 |   931 |    66 ||  2180
  Block: Buckler           |       |       |    36 |   131 |   389 |   621 |    52 ||  1229

Table legend: (Time is in decaauts)
 A = Elapsed time spent in this place.
 B = Non-inter-level travel time spent in this place.
 C = Inter-level travel time spent in this place.
 D = Time resting spent in this place.
 E = Time spent auto-exploring this place.
 F = Levels seen in this place.
 G = Mean time per level.
                   A        B        C        D        E       F      G
               +--------+--------+--------+--------+--------+-----+--------+
         Total |  41660 |  39131 |   2529 |  10419 |  17919 |  35 | 1190.3 |
       Dungeon |  17010 |  15769 |   1241 |   3741 |   8365 |  15 | 1134.0 |
        Temple |     73 |     73 |      0 |      0 |     18 |   1 |   73.0 |
          Lair |   7930 |   7337 |    593 |   2216 |   3190 |   5 | 1586.0 |
        Shoals |   5750 |   5394 |    356 |   1250 |   2300 |   4 | 1437.5 |
   Spider Nest |   6264 |   5975 |    289 |   1765 |   2627 |   4 | 1566.0 |
  Orcish Mines |   2284 |   2235 |     49 |    566 |    986 |   2 | 1142.0 |
        Vaults |    274 |    274 |      0 |     55 |     67 |   1 |  274.0 |
         Sewer |   1075 |   1075 |      0 |    477 |    146 |   1 | 1075.0 |
       Volcano |    465 |    465 |      0 |    230 |      0 |   1 |  465.0 |
      Gauntlet |    531 |    531 |      0 |    117 |    219 |   1 |  531.0 |
               +--------+--------+--------+--------+--------+-----+--------+

Top non-repeatable levels by time:
Spider:4: 2632 daAuts
  Lair:4: 1994 daAuts
     D:8: 1943 daAuts
  Lair:2: 1932 daAuts
Shoals:4: 1788 daAuts
Shoals:1: 1647 daAuts
     D:9: 1628 daAuts
  Lair:1: 1610 daAuts
    D:12: 1548 daAuts
   Orc:2: 1459 daAuts
     D:6: 1445 daAuts
Spider:3: 1425 daAuts
  Lair:5: 1365 daAuts
    D:13: 1300 daAuts
    D:14: 1273 daAuts
